 Dungeon Crawl Stone Soup version 0.23.0 (webtiles) character file.

Game seed: 101984006840499313

849 Raymar the Covered (level 7, -8/60 HPs)
             Began as a Minotaur Gladiator on Feb 11, 2019.
             Splashed by Pikel's acid (14 damage)
             ... on level 4 of the Dungeon.
             The game lasted 00:09:40 (2603 turns).

Raymar the Covered (Minotaur Gladiator)             Turns: 2603, Time: 00:09:41

Health: -8/60      AC:  7    Str: 20    XL:     7   Next: 69%
Magic:  6/6        EV: 14    Int:  5    God:
Gold:   161        SH:  0    Dex: 12    Spells: 6/6 levels left

rFire    . . .     SeeInvis .   p - +1 falchion (elec)
rCold    . . .     Gourm    .   (no shield)
rNeg     . . .     Faith    .   g - +0 troll leather armour
rPois    .         Spirit   .   b - +1 hat
rElec    .         Reflect  .   (no cloak)
rCorr    .         Harm     .   (no gloves)
MR       .....                  n - +0 pair of boots
Stlth    +.........             (no amulet)
HPRegen  0.60/turn              (no ring)
MPRegen  0.10/turn              (no ring)

@: no status effects
A: retaliatory headbutt, horns 2
a: no special abilities


You were on level 4 of the Dungeon.
You were not hungry.

You visited 1 branch of the dungeon, and saw 4 of its levels.
You also visited: Sewer.

You collected 161 gold pieces.

Inventory:

Hand Weapons
 e - a +5 short sword of freezing
 p - a +1 falchion of electrocution (weapon)
Missiles
 d - 3 throwing nets (quivered)
Armour
 b - a +1 hat (worn)
 g - a +0 troll leather armour (worn)
 l - a +3 scale mail of poison resistance
 n - a +0 pair of boots (worn)
 s - the +0 ring mail "Naunuaheo" {rElec rC- Dex+6 Slay+3, unknown}
   (You found it on level 4 of the Dungeon)

   It affects your dexterity (+6).
   It affects your accuracy and damage with ranged weapons and melee attacks
   (+3).
   It makes you vulnerable to cold.
   It insulates you from electricity.
Jewellery
 t - an uncursed ring of fire {unknown}
Wands
 o - a wand of random effects (21)
 q - a wand of iceblast (5)
 x - a wand of disintegration (13)
Scrolls
 a - a scroll of teleportation
 r - 2 scrolls of amnesia
Potions
 c - a potion of berserk rage {unknown}
 h - 2 potions of curing
 i - a potion of agility {unknown}
 j - 2 potions of brilliance
 k - a potion of cancellation {unknown}
 m - a potion of haste
 u - 2 potions of invisibility {unknown}
 v - a potion of heal wounds {unknown}
 w - 2 potions of degeneration {unknown}
Comestibles
 f - 8 rations


   Skills:
 + Level 4.3 Fighting
 + Level 4.2(5.3) Short Blades
 + Level 5.2(6.1) Long Blades
 + Level 2.2 Throwing
 * Level 5.3 Armour
 + Level 5.3 Dodging
 + Level 0.8 Stealth


You had 6 spell levels left.
You didn't know any spells.
Your spell library was empty.

Dungeon Overview and Level Annotations

Branches:
Dungeon (4/15)
 Temple: D:4-7

Altars:
Fedhas
Xom

Annotations:
D:4 Pikel


Innate Abilities, Weirdness & Mutations

You reflexively headbutt those who attack you in melee.
You have a pair of horns on your head.


Message History

You kill the leopard gecko!
Pikel hits you but does no damage.
Pikel hits you with a +2 whip of electrocution.
You are electrocuted!
Items here: )) [[ ††† Evoke which item? (* to show all) (? for menu, Esc to quit)
Aiming: Disintegrate
Press: ? - help, Shift-Dir - straight line, f - Pikel
Aim: Pikel, wielding a +2 whip of electrocution, wearing a +0 robe and carrying a wand of acid (8) (fast, chance to defeat MR: 65%) Pikel is blasted!
Pikel barely misses you. You furiously retaliate!
You headbutt Pikel.
You riposte.
You closely miss Pikel.
Pikel is heavily wounded.
Evoke which item? (* to show all) (? for menu, Esc to quit)
Aiming: Disintegrate
Press: ? - help, Shift-Dir - straight line, f/p - Pikel
Aim: Pikel, wielding a +2 whip of electrocution, wearing a +0 robe and carrying a wand of acid (8) (heavily wounded, fast, chance to defeat MR: 65%) Pikel struggles to resist.
Pikel zaps a wand.
The bolt of acid hits you!!
* * * LOW HITPOINT WARNING * * *
You are splashed with acid!
You die...

....... ...!. .... #.#.#
#.#.p## #)##so# #.# #p# ###
#p###K# .....##..##@# #
#......>.########## #
#####.##..........# #
#.###......>..# #
######.###.........# #
##.............<.....#
#..#####.#...........##
#####†## #.#.......#....#
##.(...######.#.......#....#


You could see Pikel, 2 slaves, an orc and a giant cockroach.

Vanquished Creatures
  A troll (D:4)
  A slave (D:4)
  An ogre (D:4)
  A crocodile (Sewer)
  A hound (D:4)
  2 orc priests
  A bullfrog skeleton (D:4)
  Ijyb (D:4)
  Terence (D:2)
  Natasha (thrice) (D:2)
  An orc wizard (D:4)
  A worker ant (D:4)
  8 adders
  2 oozes (D:3)
  2 worms
  2 leopard geckos
  13 orcs
  5 bats
  5 giant cockroaches
  11 hobgoblins
  4 jackals
  3 quokkas
  5 frilled lizards
  4 goblins
  11 kobolds
  13 rats
103 creatures vanquished.

Notes
Turn   | Place    | Note
-------+----------+-------------------------------------------
     0 | D:1      | Raymar the Minotaur Gladiator began the quest for the Orb.
     0 | D:1      | Reached XP level 1. HP: 18/18 MP: 0/0
   148 | D:1      | Reached XP level 2. HP: 25/25 MP: 1/1
   517 | D:2      | Noticed Natasha
   526 | D:2      | Killed Natasha
   526 | D:2      | Reached skill level 1 in Armour
   526 | D:2      | Reached XP level 3. HP: 14/30 MP: 2/2
   543 | D:2      | Noticed Natasha
   557 | D:2      | Killed Natasha
   557 | D:2      | Reached XP level 4. HP: 16/37 MP: 3/3
   803 | D:2      | Noticed Terence
   825 | D:2      | Killed Terence
   825 | D:2      | Reached skill level 1 in Short Blades
   936 | D:2      | Noticed Natasha
   941 | D:2      | Killed Natasha
   998 | D:2      | Reached XP level 5. HP: 44/44 MP: 4/4
  1604 | D:3      | Found a faded altar of an unknown god.
  1992 | D:3      | Found a shimmering altar of Xom.
  1995 | D:3      | Found a hazy altar of Hepliaklqana.
  1995 | D:3      | Found a bloodstained altar of Trog.
  1997 | D:3      | Found a shadowy altar of Dithmenos.
  1997 | D:3      | Found a deep blue altar of Sif Muna.
  1997 | D:3      | Found a blossoming altar of Fedhas.
  2136 | D:4      | Noticed a troll
  2154 | D:4      | Reached XP level 6. HP: 49/51 MP: 5/5
  2158 | D:4      | Killed a troll
  2158 | D:4      | Reached skill level 5 in Dodging
  2212 | D:4      | Reached XP level 7. HP: 58/58 MP: 6/6
  2227 | D:4      | Found a glowing drain.
  2277 | Sewer    | Entered a sewer
  2340 | Sewer    | Reached skill level 5 in Armour
  2496 | D:4      | Reached skill level 5 in Long Blades
  2507 | D:4      | Found a blossoming altar of Fedhas.
  2534 | D:4      | Got an ichor-stained ring mail
  2567 | D:4      | Noticed Ijyb
  2573 | D:4      | Killed Ijyb
  2575 | D:4      | Noticed Pikel
  2603 | D:4      | Splashed by Pikel's acid

Skill      XL: |  1  2  3  4  5  6  7 |
---------------+----------------------+-----
Long Blades    | 4 5 |  5.2
Armour         | 1 2 3 4 5 |  5.3
Dodging        | 4 5 |  5.3
Short Blades   | 1 2 3 4 |  4.2
Fighting       | 3 4 |  4.3
Throwing       | |  2.2
Stealth        | |  0.8

Action                   |  1- 3 |  4- 6 |  7- 9 || total
-------------------------+-------+-------+-------++-------
Melee: Short sword       |    34 |   126 |       ||   160
       Long sword        |     3 |       |       ||     3
       Headbutt          |     5 |    23 |     8 ||    36
       Falchion          |       |     4 |    45 ||    49
Evoke: Wand              |       |       |     3 ||     3
  Use: Scroll            |     4 |     5 |     3 ||    12
       Potion            |     1 |       |       ||     1
  Eat: Chunk             |       |     4 |     1 ||     5
       Ration            |       |       |     1 ||     1
Armor: Leather armour    |     5 |     4 |       ||     9
       Scale mail        |       |    41 |       ||    41
       Troll leather arm |       |       |    13 ||    13
Dodge: Dodged            |    24 |    83 |    46 ||   153
       Rpst.: Long sword |     1 |       |       ||     1
       Falchion          |       |     1 |    12 ||    13
